 Dungeon Crawl Stone Soup version 0.28.0 (webtiles) character file.

Game seed: 4052608668726546101

320 horus123 the Poker (level 6, 0/51 HPs)
             Began as a Merfolk Gladiator on Feb 13, 2022.
             Was an Initiate of Makhleb.
             Killed by divine providence
             ... invoked by an orc priest
              (14 damage)
             ... on level 5 of the Dungeon.
             The game lasted 00:06:43 (4588 turns).

horus123 the Poker (Merfolk Gladiator)              Turns: 4588, Time: 00:06:44

Health: 0/51       AC:  6    Str: 19    XL:     6   Next: 46%
Magic:  9/9        EV: 13    Int:  9    God:    Makhleb [......]
Gold:   192        SH:  0    Dex: 15    Spells: 6/9 levels left

rFire   . . .      SeeInvis .   a - +0 trident
rCold   . . .      Faith    .   (no shield)
rNeg    . . .      Spirit   .   b - +0 leather armour
rPois   .          Reflect  .   c - +0 helmet
rElec   .          Harm     .   j - +0 cloak of Hedging {Str+4}
rCorr   +          Rampage  .   (no gloves)
Will    .....                   l - +0 pair of boots
Stlth   +.........              (no amulet)
HPRegen 0.17/turn               f - ring of resist corrosion
MPRegen 0.11/turn               (no ring)

@: no status effects
A: (nimble swimmer 2), mertail
a: Renounce Religion


You were on level 5 of the Dungeon.
You worshipped Makhleb.
Makhleb was noncommittal.
You visited 2 branches of the dungeon, and saw 6 of its levels.

You collected 192 gold pieces.

Inventory:

Hand Weapons
 a - a +0 trident (weapon)
Missiles
 d - 3 throwing nets (quivered)
Armour
 b - a +0 leather armour (worn)
 c - a +0 helmet (worn)
 j - the +0 cloak of Hedging (worn) {Str+4}
   (You found it on level 2 of the Dungeon)

   Str:       It affects your strength (+4).
 l - a +0 pair of boots (worn)
Jewellery
 f - a ring of resist corrosion (left hand)
Wands
 e - a wand of iceblast (5)
 n - a wand of paralysis (12)
Scrolls
 h - a scroll of teleportation
 i - 3 scrolls of fear
 m - a scroll of enchant weapon {unknown}
 o - a scroll of immolation {unknown}
Potions
 k - 2 potions of mutation {unknown}
 p - 2 potions of ambrosia


   Skills:
 - Level 5.0 Fighting
 - Level 5.1 Polearms
 - Level 2.0 Throwing
 - Level 4.0 Dodging
 - Level 2.0 Spellcasting
 + Level 3.6 Invocations


You had 6 spell levels left.
You knew the following spells:

 Your Spells              Type           Power      Damage    Failure   Level
a - Stone Arrow           Conj/Erth      0%         3d7       75%         3

Your spell library contained the following spells:

 Spells                   Type           Power      Damage    Failure   Level
 Beastly Appendage        Tmut           0%         N/A       36%         1
 Wereblood                Tmut           0%         N/A       52%         2
 Gell's Gravitas          Tloc           0%         N/A       75%         3
 Lesser Beckoning         Tloc           0%         N/A       75%         3
 Spider Form              Tmut/Pois      0%         N/A       75%         3
 Teleport Other           Tloc           0%         N/A       75%         3
 Animate Armour           Summ/Erth      0%         N/A       98%         4
 Lehudib's Crystal Spear  Conj/Erth      0%         10d2      100%        8


Dungeon Overview and Level Annotations

Branches:
Dungeon (5/15)             Temple (1/1) D:4

Altars:
Ashenzari
Cheibriados
Elyvilon
Kikubaaqudgha
Makhleb
Nemelex Xobeh
Qazlal


Innate Abilities, Weirdness & Mutations

((You are very nimble when in or above water. (Stealth+, EV+, Speed+++)))
Your lower body shifts to a powerful aquatic tail in water.


Message History

The bullfrog skeleton is severely damaged.
The bullfrog skeleton hits you.
* * * LOW HITPOINT WARNING * * *
You puncture the bullfrog skeleton!
You destroy the bullfrog skeleton!
Makhleb accepts your kill.
You start resting.
You hear the rusting of a very distant drain.
You start resting.
A worm comes into view.
The worm closely misses you.
You hit the worm. You punch the worm.
The worm is heavily wounded.
You hit the worm.
The worm is severely wounded.
The worm misses you.
You barely miss the worm.
The worm is heavily wounded.
The worm barely misses you.
You hit the worm but do no damage.
The worm is heavily wounded.
You puncture the worm!
You kill the worm!
Makhleb accepts your kill.
You see here a worm corpse.
An orc comes into view. It is wielding a +0 hand axe.
An orc priest comes into view. It is wielding a +0 short sword.
The orc priest shouts!
The orc shouts!
An orc and an orc wizard come into view.
The orc shouts!
The orc wizard shouts!
The orc priest mumbles some strange prayers to Beogh against you.
Beogh smites you!
* * * LOW HITPOINT WARNING * * *
You puncture the orc priest!
The orc priest is heavily wounded.
The orc hits you but does no damage.
The orc wizard suddenly roars.
The orc priest invokes the aid of Beogh against you.
Beogh smites you!
You die...

.... .... +..........
...). #.o......... .....
####..o........
.....#####...#..........
.........#...#........#
.........'...#........#
.........#...#..oo....#
.........#####..@.....#
#####.................#
#.................#
#........>####....#
+.........# #....#
#.........# #....#
#.........# #....#
###.......# #....#
#.......+ #....#


You could see an orc priest, an orc wizard and 2 orcs.

Vanquished Creatures
  An orc priest (D:5)
  2 hounds (D:4)
  A bullfrog skeleton (D:5)
  An orc wizard (D:3)
  8 adders
  A gnoll (D:1)
  2 worms
  8 orcs
  6 endoplasms
  7 giant cockroaches
  5 goblins
  2 hobgoblins
  9 jackals
  8 kobolds
  A quokka (D:3)
  15 ball pythons
  9 bats
  2 rats
88 creatures vanquished.

Notes
Turn   | Place    | Note
-------+----------+-------------------------------------------
     0 | D:1      | horus123 the Merfolk Gladiator began the quest for the Orb.
     0 | D:1      | Reached XP level 1. HP: 16/16 MP: 1/1
   204 | D:1      | Reached skill level 5 in Polearms
   205 | D:1      | Reached XP level 2. HP: 22/22 MP: 2/2
   511 | D:1      | Reached XP level 3. HP: 29/29 MP: 3/3
  1340 | D:2      | Identified the +0 cloak of Hedging {Str+4}
  1786 | D:2      | Reached XP level 4. HP: 13/37 MP: 4/4
  2048 | D:3      | Learned a level 3 spell: Stone Arrow
  2480 | D:3      | Reached skill level 5 in Fighting
  2679 | D:3      | Reached skill level 1 in Spellcasting
  2679 | D:3      | Reached XP level 5. HP: 21/44 MP: 4/6
  3222 | D:3      | Found a faded altar of an unknown god.
  3589 | D:4      | Found a staircase to the Ecumenical Temple.
  3599 | Temple   | Entered the Ecumenical Temple
  3610 | Temple   | Became a worshipper of Makhleb the Destroyer
  3974 | D:4      | Reached skill level 1 in Invocations
  4222 | D:5      | Entered Level 5 of the Dungeon
  4264 | D:5      | Noticed a two-headed ogre
  4304 | D:4      | Reached XP level 6. HP: 31/51 MP: 9/9
  4588 | D:5      | Killed from afar by an orc priest

Illustrated notes

Levels and vault maps discovered:
D:1:      amcnicky_arrival_blooded_trapdoor, layout_basic
D:2:      layout_basic
D:3:      minmay_bubble_buster, layout_loops_ring, basic_ecumenical_altar
D:4:      layout_loops_cross, minmay_temple_entry_offerings
D:5:      layout_gridville, cheibrodos_sewer_entry_drain, minmay_splitting_lines
Temple:   compressed_dpeg_circular_temple

Skill      XL: |  1  2  3  4  5  6 |
---------------+-------------------+-----
Polearms       | 5 |  5.1
Fighting       | 3 4 5 |  5.0
Spellcasting   | 1 2 |  2.0
Invocations    | 2 3 |  3.6
Throwing       | |  2.0
Dodging        | |  4.0

Action                   |  1- 3 |  4- 6 || total
-------------------------+-------+-------++-------
Melee: Trident           |   108 |   216 ||   324
       Punch             |       |     1 ||     1
  Use: Scroll            |     5 |     4 ||     9
       Potion            |       |     2 ||     2
 Stab: Sleeping          |     4 |     2 ||     6
Armor: Leather armour    |    22 |    85 ||   107
Dodge: Dodged            |    57 |   187 ||   244
